 Dungeon Crawl Stone Soup version 0.24.0-37-gcf1ca852f1 (webtiles) character file.

Game seed: 4715983754420251245, levelgen mode: deterministic

143846 Iskender the Phalangite (level 18, -15/168 HPs)
             Began as a Formicid Chaos Knight on Dec 6, 2019.
             Was a Plaything of Xom.
             Demolished by an emperor scorpion (26 damage)
             ... on level 4 of the Spider Nest.
             The game lasted 03:22:06 (32221 turns).

Iskender the Phalangite (Formicid Chaos Knight)    Turns: 32221, Time: 03:22:07

Health: -15/168    AC: 21    Str: 25      XL:     18   Next: 0%
Magic:  16/18      EV: 16    Int: 16 (17) God:    Xom [..*...]
Gold:   2394       SH: 12    Dex: 13      Spells: 9/17 levels left

rFire    + + .     SeeInvis +   a - +9 bardiche of Usko {venom, rElec rN++}
rCold    . . .     Gourm    .   w - +0 shield
rNeg     + + .     Faith    .   A - +2 scale mail {rPois}
rPois    +         Spirit   .   (helmet unavailable)
rElec    +         Reflect  .   H - +2 cloak
rCorr    .         Harm     .   P - +0 pair of gloves
MR       +....     Clarity  +   B - +2 pair of boots {Stlth+}
Stlth    +++.......             d - amulet of regeneration
HPRegen  1.18/turn              Z - +3 ring of evasion
MPRegen  0.16/turn              (no ring)

@: lethally poisoned (-15 -> -43)
A: permanent stasis, dig shafts and tunnels, four strong arms, antennae 3,
talons 1, thin metallic scales 1, yellow scales 2, agile 1, blurry vision 1,
clarity, clever 2, deterioration 1, fire resistance 2, regeneration 1, robust 2,
shaggy fur 1, strong 1, evolution 1, MP-powered wands
a: Dig, Shaft Self, Renounce Religion


You were on level 4 of the Spider Nest.
You worshipped Xom.
You were a toy of Xom.
You were not hungry.

You visited 5 branches of the dungeon, and saw 28 of its levels.
You also visited: Ice Cave and Volcano.

You collected 3224 gold pieces.
You spent 830 gold pieces at shops.

Inventory:

Hand Weapons
 a - the +9 bardiche of Usko (weapon) {venom, rElec rN++}
   (You bought it in a shop on level 2 of the Orcish Mines)

   It poisons the flesh of those it strikes.
   It insulates you from electricity.
   It greatly protects you from negative energy.
 Y - a +1 battleaxe of chopping
Missiles
 e - 17 curare-tipped darts
 z - 33 boomerangs
 C - 13 javelins
 F - 3 boomerangs of dispersal (quivered)
Armour
 w - a +0 shield (worn)
 x - a +2 chain mail of fire resistance
 A - a +2 scale mail of poison resistance (worn)
 B - a +2 pair of boots of stealth (worn)
 H - a +2 cloak (worn)
 I - a +1 chain mail of cold resistance
 P - a +0 pair of gloves (worn)
 V - a +2 robe of magic resistance
Jewellery
 c - an uncursed ring of protection from cold
 d - an amulet of regeneration (around neck)
 f - an uncursed ring of fire
 u - an uncursed ring of protection from magic
 E - an uncursed amulet of the acrobat
 G - an uncursed ring of resist corrosion
 K - an uncursed ring of poison resistance
 R - an uncursed ring of positive energy
 Z - a +3 ring of evasion (left hand)
Wands
 j - a wand of acid (12)
 k - a wand of polymorph (7)
 m - a wand of paralysis (12)
 J - a wand of flame (37)
 S - a wand of iceblast (33)
 X - a wand of disintegration (20)
Scrolls
 h - 13 scrolls of fear
 l - 3 scrolls of identify
 t - 3 scrolls of magic mapping
 v - 5 scrolls of fog
 y - a scroll of silence
 L - 7 scrolls of remove curse
 O - 2 scrolls of holy word
 T - 2 scrolls of summoning
 U - 2 scrolls of torment
Potions
 b - 5 potions of might
 g - 5 potions of agility
 i - 2 potions of invisibility
 n - 4 potions of brilliance
 p - 3 potions of ambrosia
 q - 3 potions of cancellation
 r - 2 potions of curing
 s - 5 potions of heal wounds
 D - 2 potions of resistance
 M - 5 potions of flight
 Q - 2 potions of magic
Miscellaneous
 N - a phial of floods
Comestibles
 o - 47 rations
 W - 2 chunks of flesh


   Skills:
 - Level 12.2 Fighting
 + Level 23.7 Polearms
 - Level 2.1 Armour
 - Level 6.7 Dodging
 - Level 6.8 Stealth
 - Level 9.5 Shields


You had 9 spell levels left.
You knew the following spells:

 Your Spells              Type           Power        Failure   Level  Hunger
i - Portal Projectile     Hex/Tloc       #.....       87%         3    ####...
W - Passwall              Tmut/Erth      #.......     65%         2    ###....
Z - Gell's Gravitas       Tloc           #.........   87%         3    ####...

Your spell library contained the following spells:

 Spells                   Type           Power        Failure   Level  Hunger
 Apportation              Tloc           #.....       52%         1    ##.....
 Confusing Touch          Hex            #.....       52%         1    ##.....
 Corona                   Hex            #......      52%         1    ##.....
 Magic Dart               Conj           #...         52%         1    ##.....
 Sandblast                Erth           #.....       52%         1    ##.....
 Summon Butterflies       Summ           #.......     52%         1    ##.....
 Call Imp                 Summ           #.......     65%         2    ###....
 Slow                     Hex            #.......     65%         2    ###....
 Confuse                  Hex            #.......     87%         3    ####...
 Conjure Flame            Conj/Fire      #.......     87%         3    ####...
 Inner Flame              Hex/Fire       #.......     87%         3    ####...
 Lesser Beckoning         Tloc           #.........   87%         3    ####...
 Mephitic Cloud           Conj/Pois/Air  #.......     87%         3    ####...
 Stone Arrow              Conj/Erth      #.....       87%         3    ####...
 Tukima's Dance           Hex            #.......     87%         3    ####...
 Cause Fear               Hex            #.........   99%         4    #####..
 Leda's Liquefaction      Hex/Erth       #.........   99%         4    #####..
 Petrify                  Tmut/Erth      #.......     99%         4    #####..
 Alistair's Intoxication  Tmut/Pois      #.......     100%        5    ######.
 Lee's Rapid Deconstruct  Erth           #.........   100%        5    ######.
 Metabolic Englaciation   Hex/Ice        #.........   100%        5    ######.
 Yara's Violent Unravell  Hex/Tmut       #.........   100%        5    ######.
 Invisibility             Hex            #.......     100%        6    #######
 Blink                    Tloc           Unusable     N/A         2    N/A

Dungeon Overview and Level Annotations

Branches:
Dungeon (15/15)            Temple (1/1) D:4            Lair (6/6) D:11
  Swamp (0/4) Lair:3       Spider (4/4) Lair:4        Slime (0/5) Lair:6
    Orc (2/2) D:11            Elf (0/3) Orc:2        Vaults (0/5) D:13
 Depths (0/5) D:15          IceCv (visited)         Volcano (visited)

Altars:
Ashenzari
Cheibriados
Dithmenos
Elyvilon
Fedhas
Gozag
Hepliaklqana
Kikubaaqudgha
Makhleb
Nemelex Xobeh
Okawaru
Qazlal
Ru
Sif Muna
Trog
Uskayaw
Vehumet
Wu Jian
Xom
Yredelemnul
Zin
The Shining One
Jiyva

Shops:
D:4 !   D:11 ?   Orc:2 [(((

Portals:
Trove: D:12 (give +2 ice dragon scales)

Annotations:
D:6 2 transporters, dikkface's ghost, novice MiFi
D:7 vampire
D:10 3 runed translucent doors, PentaManta's ghost, journeyman HaHu
D:14 Roxanne


Innate Abilities, Weirdness & Mutations

You cannot be hasted, slowed, berserked, paralysed or teleported.
You can dig through walls and to a lower floor.
Your four strong arms can wield two-handed weapons with a shield.
You have a pair of large antennae on your head. (SInv)
You have sharp toenails.
You are partially covered in thin metallic scales. (AC +2)
You are mostly covered in yellow scales. (AC +3)
You are agile. (Dex +2)
Scrolls take you a little longer to read.
You possess an exceptional clarity of mind.
Your mind is very acute. (Int +4)
Your body sometimes deteriorates upon taking damage.
Your flesh is very heat resistant. (rF++)
Your natural rate of healing is unusually fast.
You are very robust. (+20% HP)
You are covered in fur. (AC +1)
Your muscles are strong. (Str +2)
You evolve.
You expend magic power (3 MP) to strengthen your wands.


Message History

You block the emperor scorpion's attack. x2
The emperor scorpion barely misses you.
* * * LOW HITPOINT WARNING * * *
You feel very sick.
The moth of wrath goads the emperor scorpion on!
The emperor scorpion goes berserk!
You feel much better.
You feel very sick.
Xom's power touches on a nearby monster.
The hornet evaporates and reforms as a sky beast!
The emperor scorpion stings you!!
* * * LOW HITPOINT WARNING * * *
The emperor scorpion claws you but does no damage.
You block the emperor scorpion's attack.
The emperor scorpion closely misses you. x3
The moth of wrath goads the sky beast on!
The sky beast goes berserk!
The emperor scorpion stings you!!
You die...
Xom guffaws!

##≈.^)≈.!.#.###≈.^.≈#
##.^.≈#≈..≈####≈..≈##≈
#...≈###≈..≈##≈....##≈
##≈.≈# ###≈..#≈.....≈.
#≈..≈# ###≈≈..†..≈...≈
#...≈##^.###≈≈≈≈##≈≈≈#
##≈≈.≈≈≈≈^############
###.≈≈≈≈.##### ###
#≈@≈#..# {..{ ..+
#.ss#### ..{ ...#
##yY≈#### .##..
##≈..#.# #''# #
#≈...#####..# #
#≈..≈#.†.y..#####
#.##≈..≈###s≈##≈.#≈
#..≈≈≈≈...##≈.##....
...≈≈≈#≈≈.^..^≈..≈≈≈


You could see 2 emperor scorpions, a moth of wrath and a sky beast (berserk).

Vanquished Creatures
  Saint Roka (Orc:2)
  Arachne (Spider:2)
  Gastronok (Lair:1)
  Donald (Orc:2)
  A frost giant (IceCv)
  An emperor scorpion (Spider:1)
  5 ghost moths
  2 entropy weavers
  An ettin (D:13)
  A fire dragon (Lair:6)
  Fannar (D:12)
  An ice dragon (D:13)
  3 hydras
  A centaur warrior (D:12)
  A two-headed ogre (D:12)
  Urug (Lair:1)
  3 orc high priests (Orc:2)
  A vampire mage (D:15)
  A hell knight (Volcano)
  A salamander mystic (Volcano)
  7 skeletal warriors (D:15)
  An unseen horror (D:12)
  A wizard (D:13)
  A lindwurm (Lair:6)
  4 orc knights (Orc:2)
  A necromancer (D:15)
  16 orb spiders
  2 orc sorcerers (Orc:2)
  A cyclops (D:12)
  31 wolf spiders
  3 ugly things
  3 oklob plants (Lair:4)
  4 salamanders (Volcano)
  8 elephants
  A moth of wrath (Spider:4)
  A manticore (D:14)
  8 black mambas
  Maurice (D:8)
  An ice statue (IceCv)
  5 molten gargoyles
  3 gargoyles
  4 spiny frogs
  A torpor snail (Spider:4)
  4 centaur skeletons
  7 komodo dragons
  A yaktaur (shapeshifter) (D:13)
  A redback zombie (D:14)
  6 demonic crawlers
  An efreet (D:14)
  4 trolls
  2 spriggan skeletons (D:15)
  21 polar bears
  4 hornets
  A queen bee (Spider:4)
  37 jumping spiders
  2 tyrant leeches (Lair:3)
  An ettin zombie (D:15)
  7 hippogriffs
  A blink frog (shapeshifter) (D:14)
  An ice dragon zombie (D:15)
  10 slime creatures
  3 blink frogs (Lair:2)
  A meliai zombie (D:12)
  2 shadows
  29 tarantellas
  6 wyverns
  81 redbacks
  A spriggan (D:8)
  9 fire bats
  2 vampires
  65 yaks
  A golden eye (D:5)
  A wraith (D:12)
  6 basilisks
  4 steam dragons
  A hungry ghost (D:10)
  9 vampire mosquitoes
  2 swamp worms (Lair:3)
  3 wargs (Orc:1)
  5 hell hounds (Lair:6)
  6 water moccasins
  An acid dragon (D:14)
  8 porcupines
  Duvessa (D:7)
  15 orc warriors
  5 sky beasts
  A hornet zombie (D:5)
  3 ice beasts
  3 eyes of draining
  4 black bears
  19 wolves
  9 ogres
  4 phantoms
  2 necrophages
  A tengu (Lair:4)
  5 centaurs
  17 crocodiles
  A big kobold (D:14)
  10 bullfrogs
  3 scorpions
  Dowan (D:7)
  A wyvern skeleton (D:4)
  A water moccasin skeleton (D:5)
  2 troll zombies (D:11)
  9 electric eels
  A howler monkey (D:5)
  7 crimson imps
  A bullfrog zombie (D:12)
  2 centaur zombies
  11 lava snakes
  6 jellies
  22 orc wizards
  12 orc priests
  A bullfrog skeleton (D:11)
  3 hounds
  4 iguanas
  An iron imp (D:9)
  10 worker ants
  Terence (D:3)
  2 hell rats (Lair:5)
  6 ogre zombies (D:11)
  A howler monkey zombie (D:9)
  8 river rats (Lair:5)
  10 adders
  4 shadow imps
  4 oozes (D:2)
  2 worms (D:2)
  2 dart slugs
  11 leopard geckos
  83 orcs
  3 ball pythons
  9 giant cockroaches
  5 goblins
  13 hobgoblins
  17 jackals
  16 kobolds
  6 quokkas
  8 bats
  5 frilled lizards
  A goblin skeleton (D:11)
  2 goblin zombies (D:11)
  2 hobgoblin skeletons (D:11)
  A hobgoblin zombie (D:11)
  A jackal zombie (D:8)
  A leopard gecko zombie (D:7)
  An orc skeleton (D:11)
  18 orc zombies (D:11)
  A quokka skeleton (D:4)
  13 rats
  A bush (D:12)
  A fungus (Lair:2)
951 creatures vanquished.

Vanquished Creatures (collateral kills)
  Agnes (Spider:2)
  An orc sorcerer (Orc:2)
  A centaur zombie (D:11)
  A centaur skeleton (D:11)
  A blink frog (Lair:2)
  2 redbacks (Spider:4)
  2 tarantellas
  2 fire bats (Lair:3)
  A basilisk (Lair:2)
  An ogre (D:8)
  A crimson imp (D:8)
  A lava snake (Lair:3)
  A plant (Lair:2)
16 creatures vanquished.

Vanquished Creatures (others)
  A dancing weapon (D:14)
  An orb spider (Spider:4)
  An orc priest (Orc:2)
  An orc (Orc:2)
  4 fungi
  4 plants
12 creatures vanquished.

Grand Total: 979 creatures vanquished

Notes
Turn   | Place    | Note
-------+----------+-------------------------------------------
     0 | D:1      | Iskender the Formicid Chaos Knight began the quest for the
                  | Orb.
     0 | D:1      | Reached XP level 1. HP: 18/18 MP: 1/1
    98 | D:1      | XOM: divination: detect items
    99 | D:1      | Reached skill level 1 in Stealth
   100 | D:1      | XOM: harmless Pois miscast
   123 | D:1      | Reached XP level 2. HP: 22/24 MP: 2/2
   381 | D:1      | Reached XP level 3. HP: 29/29 MP: 3/3
   414 | D:1      | XOM: divination: detect items
  1090 | D:2      | Reached XP level 4. HP: 32/35 MP: 4/4
  1174 | D:2      | Found a faded altar of an unknown god.
  1205 | D:2      | Found a sparkling altar of Nemelex Xobeh.
  1230 | D:2      | XOM: medium Pois miscast
  1389 | D:2      | Found a burning altar of Makhleb.
  1406 | D:2      | XOM: harmless Air miscast
  1422 | D:2      | Reached XP level 5. HP: 41/41 MP: 5/5
  1699 | D:2      | Reached skill level 4 in Polearms
  1964 | D:3      | Found an ornate altar of the Wu Jian Council.
  2064 | D:3      | XOM: harmless Ice miscast
  2168 | D:3      | XOM: give mutations
  2168 | D:3      | Gained mutation: You are somewhat resistant to further
                  | mutation. [Xom's grace]
  2168 | D:3      | Gained mutation: You are partially covered in slimy green
                  | scales. (AC +2) [Xom's grace]
  2361 | D:3      | Noticed Terence
  2430 | D:3      | XOM: medium Hex miscast
  2522 | D:3      | XOM: noise
  2523 | D:3      | XOM: god gift: fuming sapphire potion {god gift}
  2580 | D:3      | Reached skill level 5 in Stealth
  2769 | D:3      | XOM: scenery: create altars
  2837 | D:3      | Reached XP level 6. HP: 47/47 MP: 6/6
  3120 | D:4      | Found a staircase to the Ecumenical Temple.
  3154 | D:3      | XOM: harmless Hex miscast
  3346 | Temple   | Entered the Ecumenical Temple
  3684 | D:4      | Reached skill level 5 in Polearms
  3896 | D:4      | Found Wiojaz's Distillery.
  3908 | D:4      | Bought a potion of heal wounds for 50 gold pieces
  3908 | D:4      | Bought a potion of curing for 30 gold pieces
  3908 | D:4      | Bought a potion of might for 40 gold pieces
  3908 | D:4      | Bought a potion of mutation for 80 gold pieces
  4449 | D:4      | XOM: scenery: 3 doors close
  4469 | D:4      | XOM: smoke on damage
  4477 | D:4      | Reached XP level 7. HP: 33/52 MP: 7/7
  4544 | D:5      | Entered Level 5 of the Dungeon
  4615 | D:5      | Reached skill level 6 in Polearms
  4759 | D:5      | Noticed a water moccasin
  4759 | D:5      | a sky beast changed into a water moccasin
  4759 | D:5      | XOM: polymorph sky beast -> water moccasin
  4996 | D:5      | XOM: enchant monster (good)
  5134 | D:5      | XOM: potion effect (brilliance)
  5166 | D:5      | Reached skill level 7 in Polearms
  5170 | D:5      | XOM is BORED!
  5170 | D:5      | XOM: summons 3 hostile demons
  5257 | D:4      | XOM: medium Hex miscast
  5314 | D:5      | XOM: confuse monster(s)
  5321 | D:5      | Reached XP level 8. HP: 58/58 MP: 8/8
  5370 | D:5      | XOM: medium Conj miscast
  5381 | D:5      | XOM: harmless Hex miscast
  5769 | D:5      | XOM: noise
  5813 | D:5      | Reached skill level 8 in Polearms
  5945 | D:5      | Found a bloodstained altar of Trog.
  6223 | D:5      | XOM: polymorph water moccasin -> golden eye
  6287 | D:5      | XOM is BORED!
  6350 | D:6      | XOM: harmless Summ miscast
  6390 | D:6      | XOM: polymorph quasit -> crimson imp
  6391 | D:6      | Reached skill level 9 in Polearms
  6448 | D:6      | XOM: torment (30/58 hp)
  6460 | D:6      | XOM: give mutations
  6460 | D:6      | Gained mutation: You are partially covered in thin metallic
                  | scales. (AC +2) [Xom's grace]
  6460 | D:6      | Gained mutation: You are partially covered in yellow
                  | scales. (AC +2) [Xom's grace]
  6665 | D:6      | Found a transporter.
  6666 | D:6      | Noticed dikkface's ghost (novice MiFi)
  6667 | D:6      | Found a transporter.
  6671 | D:6      | Identified the +8 great mace of Dishonesty {venom, rF- rC+
                  | MR++}
  6671 | D:6      | Identified the cursed +1 dire flail of Pemo {crush, rF++
                  | Str+3 Dex+4}
  6671 | D:6      | Noticed a two-headed ogre
  6682 | D:6      | XOM: scenery: create altars
  6789 | D:6      | Found a glowing golden altar of the Shining One.
  6959 | D:6      | XOM: divination: magic mapping
  7164 | D:6      | XOM: scenery: create altars
  7426 | D:7      | Found an opulent altar of Gozag.
  7515 | D:7      | Noticed Dowan
  7569 | D:7      | XOM is BORED!
  7614 | D:7      | Found a glowing silver altar of Zin.
  7714 | D:7      | XOM: god gift: agate ring {god gift}
  7737 | D:7      | Noticed a vampire
  7738 | D:7      | XOM: summons friendly crimson imp
  7787 | D:7      | XOM: summons 3 friendly demons
  7827 | D:8      | Noticed Maurice
  7833 | D:8      | XOM: mild Chrm miscast
  7840 | D:8      | XOM: fog
  7840 | D:8      | XOM: smoke on damage
  7849 | D:8      | Reached XP level 9. HP: 58/64 MP: 9/9
  7859 | D:8      | XOM: harmless Pois miscast
  7862 | D:8      | XOM: god gift: ration
  7908 | D:8      | Reached skill level 10 in Polearms
  7924 | D:8      | XOM: cast spell 'Summon Mana Viper'
  7967 | D:8      | Killed Maurice
  8058 | D:8      | Found a shattered altar of Ashenzari.
  8127 | D:8      | XOM: confuse monster(s)
  8211 | D:8      | XOM: harmless Ice miscast
  8257 | D:8      | XOM: divination: detect items
  8337 | D:8      | XOM: cast spell 'Call Canine Familiar'
  8352 | D:8      | XOM: give mutations
  8352 | D:8      | Gained mutation: Your spells are a little easier to cast,
                  | but a little less powerful. [Xom's mischief]
  8352 | D:8      | Gained mutation: You are frail. (-10% HP) [Xom's mischief]
  8352 | D:8      | Gained mutation: You are dopey. (Int -2) [Xom's mischief]
  8395 | D:7      | Found a basalt altar of Yredelemnul.
  8538 | D:7      | XOM: harmless Fire miscast
  8778 | D:7      | Found an iron altar of Okawaru.
  8783 | D:7      | Found a shimmering blue altar of Sif Muna.
  9019 | D:9      | Reached skill level 11 in Polearms
  9086 | D:9      | Found a glowing golden altar of the Shining One.
  9109 | D:9      | Reached skill level 1 in Shields
  9224 | D:9      | XOM: enchant monster (good)
  9228 | D:9      | XOM: summons friendly ufetubus
  9235 | D:9      | XOM: potion effect (might)
  9239 | D:9      | Reached XP level 10. HP: 68/68 MP: 10/10
  9264 | D:9      | XOM: summons friendly white imp
  9285 | D:9      | Reached skill level 12 in Polearms
  9294 | D:9      | XOM: harmless Chrm miscast
  9589 | D:9      | Found a snail-covered altar of Cheibriados.
  9593 | D:9      | XOM: harmless Pois miscast
 10056 | D:10     | Entered Level 10 of the Dungeon
 10056 | D:10     | Found a runed translucent gate.
 10083 | D:10     | Found a runed translucent gate.
 10084 | D:10     | Found a runed translucent gate.
 10084 | D:10     | Noticed PentaManta's ghost (journeyman HaHu)
 10150 | D:10     | XOM: cloud trail
 10295 | D:10     | XOM: scenery: create altars
 10429 | D:10     | XOM is BORED!
 10429 | D:10     | XOM: give mutations
 10429 | D:10     | Lost mutation: Your spells are a little easier to cast, but
                  | a little less powerful. [Xom's mischief]
 10429 | D:10     | Lost mutation: You are frail. (-10% HP) [Xom's mischief]
 10429 | D:10     | Lost mutation: You are partially covered in slimy green
                  | scales. (AC +2) [Xom's mischief]
 10701 | D:11     | Found Zoruilon's Magic Scroll Emporium.
 10707 | D:11     | Bought a scroll of identify for 28 gold pieces
 10709 | D:11     | Bought a scroll of random uselessness for 14 gold pieces
 10811 | D:11     | XOM: scenery: create altars
 10902 | D:11     | Noticed a cyan ugly thing
 10903 | D:11     | XOM: summons friendly iron imp
 10905 | D:11     | XOM: harmless Pois miscast
 11000 | D:11     | XOM: summons friendly iron imp
 11001 | D:11     | XOM: polymorph iron imp -> white imp
 11005 | D:11     | Reached XP level 11. HP: 86/87 MP: 11/11
 11045 | D:11     | Found a staircase to the Orcish Mines.
 11045 | D:11     | Noticed a six-headed hydra
 11079 | D:11     | XOM: medium Fire miscast
 11240 | D:11     | XOM: medium Air miscast
 11305 | D:11     | XOM: cleaving
 11312 | D:11     | XOM: confuse monster(s)
 11319 | D:11     | Reached skill level 13 in Polearms
 11337 | D:11     | Killed a six-headed hydra
 11345 | D:11     | XOM: enchant monster (bad)
 11819 | D:10     | XOM: noise
 11832 | D:10     | Killed a cyan ugly thing
 11900 | D:10     | XOM: give mutations
 11900 | D:10     | Gained mutation: Scrolls take you a little longer to read.
                  | [Xom's mischief]
 11900 | D:10     | Gained mutation: Your body sometimes deteriorates upon
                  | taking damage. [Xom's mischief]
 11900 | D:10     | Lost mutation: You are dopey. (Int -2) [Xom's mischief]
 11900 | D:10     | Gained mutation: Potions are less effective at restoring
                  | your health. [Xom's mischief]
 12289 | D:11     | XOM: summons friendly quasit
 12298 | D:11     | Reached skill level 14 in Polearms
 12309 | D:11     | XOM: harmless Tloc miscast
 12399 | D:11     | Found a staircase to the Lair.
 12643 | D:3      | Killed Terence
 12756 | D:7      | XOM: cloud trail
 12765 | D:7      | Found a radiant altar of Vehumet.
 12765 | D:7      | Found a hide-covered altar of Uskayaw.
 12935 | D:7      | Noticed Duvessa
 12956 | D:7      | Killed Dowan
 12962 | D:7      | Killed Duvessa
 13324 | Lair:1   | Entered Level 1 of the Lair of Beasts
 13373 | Lair:1   | Noticed Urug
 13492 | Orc:1    | Entered Level 1 of the Orcish Mines
 13493 | Orc:1    | XOM: give mutation
 13493 | Orc:1    | Gained mutation: You are dopey. (Int -2) [Xom's mischief]
 13501 | Orc:1    | XOM: noise
 14149 | Orc:2    | Entered Level 2 of the Orcish Mines
 14189 | Orc:2    | Noticed Donald
 14191 | Orc:2    | XOM: divination: detect creatures
 14193 | Orc:2    | XOM: confuse monster(s)
 14218 | Orc:1    | XOM: silly message
 14329 | Orc:1    | XOM: cloud trail
 14439 | Orc:2    | XOM: cloud trail
 14444 | Orc:2    | XOM: mild Air miscast
 14542 | Orc:2    | Killed Donald
 14542 | Orc:2    | Reached XP level 12. HP: 97/97 MP: 12/12
 14601 | Orc:2    | XOM: enchant monster (bad)
 14609 | Orc:1    | XOM: confuse monster(s)
 14881 | Orc:2    | XOM: harmless Air miscast
 15052 | Orc:2    | XOM: harmless Tmut miscast
 15072 | Orc:2    | XOM: divination: detect items
 15085 | Orc:2    | XOM: noise
 15096 | Orc:2    | XOM: divination: detect creatures
 15201 | Orc:2    | Found a staircase to the Elven Halls.
 15289 | Orc:2    | Reached skill level 15 in Polearms
 15425 | Orc:2    | Noticed Saint Roka
 15488 | D:11     | XOM: medium Conj miscast
 15729 | D:12     | XOM: divination: detect creatures
 15732 | D:12     | XOM: enchant monster (good)
 15743 | D:12     | XOM: confuse monster(s)
 15745 | D:12     | XOM: cast spell 'Summon Ice Beast'
 15759 | D:12     | XOM: harmless Conj miscast
 15762 | D:12     | XOM: noise
 15858 | D:12     | XOM: harmless Air miscast
 15883 | D:12     | Noticed Fannar
 15982 | D:12     | XOM: potion effect (invisibility)
 16001 | D:12     | Killed Fannar
 16034 | D:12     | XOM: divination: detect items
 16306 | D:12     | XOM: harmless Air miscast
 16425 | D:12     | Found a blossoming altar of Fedhas.
 16493 | D:12     | Reached skill level 5 in Shields
 16501 | D:12     | XOM: cast spell 'Cause Fear'
 16647 | D:12     | Noticed a centaur warrior
 16662 | D:12     | Killed a centaur warrior
 16813 | D:12     | Reached skill level 16 in Polearms
 16920 | D:12     | XOM: divination: magic mapping
 16967 | D:12     | Found a portal to a secret trove of treasure.
 17046 | D:12     | Noticed an unseen horror
 17054 | D:12     | Killed an unseen horror
 17058 | D:12     | Noticed a two-headed ogre
 17067 | D:12     | Killed a two-headed ogre
 17103 | D:12     | XOM: give mutations
 17103 | D:12     | Gained mutation: Scrolls take you longer to read. [Xom's
                  | mischief]
 17103 | D:12     | Gained mutation: Your body often deteriorates upon taking
                  | damage. [Xom's mischief]
 17103 | D:12     | Lost mutation: Potions are less effective at restoring your
                  | health. [Xom's mischief]
 17103 | D:12     | Gained mutation: You are clumsy. (Dex -2) [Xom's mischief]
 17373 | Lair:1   | XOM: silly message
 17390 | Lair:1   | Killed Urug
 17390 | Lair:1   | Reached skill level 10 in Fighting
 17390 | Lair:1   | Reached XP level 13. HP: 88/103 MP: 13/13
 17511 | Lair:1   | XOM: confusion
 17598 | D:11     | Bought a scroll of noise for 14 gold pieces
 17692 | Lair:1   | XOM is BORED!
 17692 | Lair:1   | XOM: harmless Summ miscast
 17722 | Lair:1   | Noticed Gastronok
 17727 | Lair:1   | XOM: harmless Necr miscast
 17728 | Lair:1   | XOM: noise
 17729 | Lair:1   | XOM: scenery: 1 doors open
 17732 | Lair:1   | Killed Gastronok
 17871 | Lair:1   | XOM: harmless Conj miscast
 18100 | Lair:1   | XOM: harmless Necr miscast
 18225 | Lair:2   | XOM: summons friendly ufetubus
 18257 | Lair:2   | Found a dark tunnel.
 18289 | Lair:2   | XOM is BORED!
 18289 | Lair:2   | XOM: polymorph ufetubus -> shadow imp
 18290 | Lair:2   | XOM: summons 2 hostile demons
 18292 | Volcano  | Entered a volcano
 18386 | Volcano  | XOM: stat loss: -1 Dex (7/8)
 18500 | Volcano  | Found a radiant altar of Vehumet.
 18518 | Volcano  | XOM: potion effect (might)
 18718 | Volcano  | XOM: fog
 18720 | Volcano  | XOM: cleaving
 18886 | Volcano  | XOM: give mutations
 18886 | Volcano  | Lost mutation: You are dopey. (Int -2) [Xom's grace]
 18886 | Volcano  | Gained mutation: Your mind is acute. (Int +2) [Xom's grace]
 18886 | Volcano  | Gained mutation: You are mostly covered in yellow scales.
                  | (AC +3) [Xom's grace]
 18886 | Volcano  | Gained mutation: You are robust. (+10% HP) [Xom's grace]
 19172 | D:4      | Bought a potion of might for 40 gold pieces
 19172 | D:4      | Bought a potion of heal wounds for 50 gold pieces
 19172 | D:4      | Bought a potion of heal wounds for 50 gold pieces
 19348 | Lair:2   | XOM: fog
 19354 | Lair:2   | XOM: fog
 19436 | Lair:2   | XOM: confuse monster(s)
 19477 | Lair:2   | XOM: divination: magic mapping
 19608 | Lair:2   | XOM: enchant monster (bad)
 19630 | Lair:2   | XOM: cast spell 'Summon Horrible Things'
 19704 | Lair:2   | XOM: confuse monster(s)
 19879 | Lair:2   | XOM: enchant monster (good)
 19907 | Lair:2   | XOM: cast spell 'Ring of Flames'
 20075 | Lair:2   | XOM: god gift: 23 stones
 20240 | Lair:3   | XOM: potion effect (agility)
 20247 | Lair:3   | Reached skill level 17 in Polearms
 20247 | Lair:3   | Reached XP level 14. HP: 120/126 MP: 14/14
 20251 | Lair:2   | XOM: confuse monster(s)
 20303 | Lair:3   | XOM: potion effect (brilliance)
 20315 | Lair:3   | Learned a level 3 spell: Gell's Gravitas
 20360 | Lair:3   | XOM: give mutations
 20360 | Lair:3   | Gained mutation: You expend magic power (3 MP) to
                  | strengthen your wands. [Xom's grace]
 20360 | Lair:3   | Gained mutation: Your muscles are strong. (Str +2) [Xom's
                  | grace]
 20412 | Lair:3   | XOM: summons 8 friendly demons
 20412 | Lair:3   | XOM: smoke on damage
 20457 | Lair:3   | XOM: summons 6 friendly demons
 20588 | Lair:3   | Found a staircase to the Swamp.
 20608 | Lair:3   | XOM: swap monsters
 20611 | Lair:3   | XOM: cleaving
 21099 | Lair:3   | XOM: give mutations
 21099 | Lair:3   | Gained mutation: You are somewhat resistant to both further
                  | mutation and mutation removal. [Xom's grace]
 21099 | Lair:3   | Lost mutation: You are clumsy. (Dex -2) [Xom's grace]
 21099 | Lair:3   | Gained mutation: You possess an exceptional clarity of
                  | mind. [Xom's grace]
 21099 | Lair:3   | Gained mutation: You are almost entirely resistant to
                  | further mutation and mutation removal. [Xom's grace]
 21267 | Lair:3   | XOM: noise
 21449 | Lair:4   | XOM: stat loss: -1 Int (14/15)
 21452 | Lair:4   | Noticed a ghost moth
 21452 | Lair:4   | an eight-headed hydra changed into a ghost moth
 21452 | Lair:4   | XOM: polymorph eight-headed hydra -> ghost moth
 21466 | Lair:4   | Killed a ghost moth
 21650 | Lair:4   | XOM: harmless Pois miscast
 21697 | Lair:4   | Found a hole to the Spider Nest.
 21708 | Lair:4   | Reached skill level 18 in Polearms
 21753 | Lair:4   | XOM is BORED!
 21753 | Lair:4   | XOM: summons 2 hostile shadow creatures
 21996 | Lair:4   | XOM: cast spell 'Leda's Liquefaction'
 22154 | Lair:4   | Noticed Sonja
 22160 | Lair:4   | XOM: divination: magic mapping
 22162 | Lair:4   | XOM: silly message
 22169 | Lair:4   | Noticed Sonja
 22169 | Lair:4   | Sonja changed into Sonja the tengu
 22172 | Lair:4   | Killed Sonja the tengu
 22672 | Lair:5   | Found a snail-covered altar of Cheibriados.
 22747 | Lair:5   | XOM: god gift: 3 scrolls of fear
 22854 | Lair:5   | XOM: summons friendly quasit
 22902 | Lair:5   | XOM: summons 7 hostile demons
 23023 | Lair:5   | XOM: polymorph porcupine -> steam dragon
 23225 | Lair:5   | XOM: summons 3 hostile demons
 23251 | Lair:5   | XOM: god gift: 20 stones
 23548 | Lair:6   | Entered Level 6 of the Lair of Beasts
 23613 | Lair:6   | Identified a scroll of acquirement
 23657 | Lair:6   | Found a staircase to the Slime Pits.
 23657 | Lair:6   | Found a viscous altar of Jiyva.
 23875 | Lair:6   | XOM: confuse monster(s)
 24203 | Lair:6   | XOM: scenery: create altars
 24222 | Lair:6   | XOM: god gift: ration
 24239 | Lair:6   | XOM: divination: detect items
 24287 | Lair:6   | XOM: fog
 24388 | Lair:6   | XOM: fake destruction
 24411 | Lair:6   | XOM: confuse monster(s)
 24418 | Lair:6   | XOM: snakes to sticks
 24442 | Lair:6   | Reached skill level 19 in Polearms
 24468 | Lair:6   | XOM: divination: detect creatures
 24606 | Lair:6   | XOM: summons friendly quasit
 24627 | Lair:6   | XOM: polymorph quasit -> crimson imp
 24643 | Lair:6   | Reached XP level 15. HP: 104/133 MP: 15/15
 24670 | Lair:6   | Found a large runed translucent door.
 24671 | Lair:6   | Found a large runed translucent door.
 24964 | D:11     | XOM: cloud trail
 24975 | D:11     | XOM: give mutations
 24975 | D:11     | Gained mutation: You are agile. (Dex +2) [Xom's grace]
 24975 | D:11     | Gained mutation: Your mind is very acute. (Int +4) [Xom's
                  | grace]
 24975 | D:11     | Gained mutation: You have sharp toenails. [Xom's grace]
 24975 | D:11     | Gained mutation: Your natural rate of healing is unusually
                  | fast. [Xom's grace]
 24986 | D:11     | XOM: give mutations
 24986 | D:11     | Lost mutation: Scrolls take you longer to read. [Xom's
                  | mischief]
 24986 | D:11     | Lost mutation: Your body often deteriorates upon taking
                  | damage. [Xom's mischief]
 24986 | D:11     | Lost mutation: Your muscles are strong. (Str +2) [Xom's
                  | mischief]
 25177 | Orc:2    | XOM: blink monster(s)
 25180 | Orc:2    | XOM: summons 2 friendly demons
 25185 | Orc:2    | Killed Saint Roka
 25287 | Orc:2    | XOM: mild Tloc miscast
 25312 | Orc:2    | XOM: polymorph orc warrior -> ice beast
 25339 | Orc:2    | XOM: mild Fire miscast
 25389 | Orc:2    | XOM: enchant monster (bad)
 25394 | Orc:2    | XOM: draining
 25406 | Orc:2    | Reached skill level 1 in Dodging
 25426 | Orc:2    | XOM: noise
 25458 | Orc:2    | XOM: summons 3 hostile shadow creatures
 25602 | Orc:2    | XOM: noise
 25650 | Orc:2    | XOM: cast spell 'Leda's Liquefaction'
 25653 | Orc:2    | XOM: summons friendly white imp
 25666 | Orc:2    | Found Ocvica's Weapon Emporium.
 25666 | Orc:2    | Found Qaggieh's Antique Weapon Boutique.
 25668 | Orc:2    | Found Esuififa's Armour Boutique.
 25668 | Orc:2    | Found Nutet's Weapon Emporium.
 25692 | Orc:2    | Bought a scorched bardiche for 434 gold pieces
 25693 | Orc:2    | Identified the +9 bardiche of Usko {venom, rElec rN++} (You
                  | bought it in a shop on level 2 of the Orcish Mines)
 25950 | D:13     | Found a frozen archway.
 25970 | IceCv    | Entered an ice cave
 26005 | IceCv    | XOM: potion effect (might)
 26006 | IceCv    | XOM: confuse monster(s)
 26009 | IceCv    | XOM: cast spell 'Ring of Flames'
 26012 | IceCv    | Reached skill level 20 in Polearms
 26030 | IceCv    | XOM: enchant monster (bad)
 26300 | IceCv    | Noticed a frost giant
 26323 | IceCv    | Killed a frost giant
 26707 | D:13     | XOM: god gift: scimitar {god gift}
 26825 | D:13     | Reached skill level 5 in Dodging
 26866 | D:13     | Found a gate to the Vaults.
 26879 | D:13     | Learned a level 2 spell: Passwall
 26883 | D:13     | Learned a level 3 spell: Portal Projectile
 27010 | D:13     | XOM: harmless Hex miscast
 27250 | D:14     | XOM: enchant monster (bad)
 27333 | D:14     | Got an encrusted chain mail
 27344 | D:14     | Identified the +8 chain mail of the Echidna {rElec rPois
                  | rF-} (You acquired it on level 14 of the Dungeon)
 27415 | D:14     | Reached XP level 16. HP: 139/139 MP: 16/16
 27439 | D:14     | Identified Roxanne's Reference Book on the Rocks
 27439 | D:14     | Noticed Roxanne
 27794 | D:14     | Got a dazzling short sword
 27797 | D:14     | Identified the +8 short sword "Ujowiwko" {pierce, rN++
                  | Dex+3} (You found it on level 14 of the Dungeon)
 27824 | D:15     | Entered Level 15 of the Dungeon
 28019 | D:15     | XOM: harmless Ice miscast
 28039 | D:15     | Found a staircase to the Depths.
 28223 | D:15     | XOM: potion effect (might)
 28283 | D:15     | XOM: divination: detect items
 28773 | Spider:1 | Entered Level 1 of the Spider Nest
 28777 | Spider:1 | You fall into a shaft and drop 1 floor!
 28789 | Spider:2 | Noticed Arachne
 28792 | Spider:2 | XOM: fog
 28797 | Spider:2 | XOM: cleaving
 28799 | Spider:2 | XOM: scenery: create altars
 28819 | Spider:2 | Killed Arachne
 28819 | Spider:2 | Reached skill level 21 in Polearms
 28863 | Spider:2 | XOM: destruction
 28952 | Spider:2 | XOM: summons 2 friendly demons
 29013 | Spider:2 | XOM: fog
 29438 | Spider:2 | XOM: cleaving
 29463 | Spider:2 | Noticed Agnes
 29463 | Spider:2 | XOM: fake destruction
 29469 | Spider:2 | XOM: summons 16 friendly demons
 29479 | Spider:2 | Killed Agnes
 29509 | Spider:2 | XOM: scenery: create altars
 29695 | Spider:2 | XOM: summons 3 friendly demons
 29697 | Spider:2 | XOM: summons 10 friendly demons
 29706 | Spider:2 | XOM: god gift: runed glaive {god gift}
 29857 | Spider:1 | Reached skill level 22 in Polearms
 29870 | Spider:1 | XOM: fake destruction
 29903 | Spider:1 | Reached XP level 17. HP: 106/146 MP: 17/17
 29988 | Spider:1 | XOM: cast spell 'Olgreb's Toxic Radiance'
 30004 | Spider:1 | You fall into a shaft and drop 1 floor!
 30017 | Spider:2 | XOM is BORED!
 30017 | Spider:2 | XOM: noise
 30112 | Spider:1 | XOM: give mutations
 30112 | Spider:1 | Gained mutation: You are covered in fur. (AC +1) [Xom's
                  | grace]
 30112 | Spider:1 | Gained mutation: Your flesh is heat resistant. (rF+) [Xom's
                  | grace]
 30112 | Spider:1 | Lost mutation: You are almost entirely resistant to further
                  | mutation and mutation removal. [Xom's grace]
 30112 | Spider:1 | Lost mutation: You are somewhat resistant to both further
                  | mutation and mutation removal. [Xom's grace]
 30112 | Spider:1 | Lost mutation: You are somewhat resistant to further
                  | mutation. [Xom's grace]
 30112 | Spider:1 | Gained mutation: You evolve. [Xom's grace]
 30112 | Spider:1 | Gained mutation: You are very robust. (+20% HP) [Xom's
                  | grace]
 30434 | Spider:3 | XOM: give mutation
 30434 | Spider:3 | Gained mutation: Your muscles are strong. (Str +2) [Xom's
                  | grace]
 30578 | Spider:3 | XOM: cast spell 'Chain of Chaos'
 30839 | Spider:3 | XOM: god gift: robe {god gift}
 30897 | Spider:3 | XOM: harmless Pois miscast
 31069 | Spider:3 | XOM: noise
 31171 | Spider:4 | Entered Level 4 of the Spider Nest
 31199 | Spider:4 | XOM: enchant monster (good)
 31212 | Spider:4 | Reached skill level 23 in Polearms
 31244 | Spider:4 | XOM: polymorph jumping spider -> queen bee
 31262 | Spider:4 | XOM: potion effect (agility)
 31504 | Spider:4 | XOM: god gift: runed trident {god gift}
 31620 | Spider:4 | XOM: polymorph redback -> elephant
 31729 | Spider:4 | XOM: divine lightning
 31785 | Spider:4 | XOM: confuse monster(s)
 31854 | Spider:4 | XOM: summons 6 friendly demons
 31984 | Spider:2 | XOM: god gift: 38 gold pieces
 32122 | Spider:4 | XOM: swap monsters
 32157 | Spider:4 | Gained mutation: Your flesh is very heat resistant. (rF++)
                  | [evolution]
 32161 | Spider:4 | XOM: god gift: ration
 32207 | Spider:4 | Reached XP level 18. HP: 168/168 MP: 13/18
 32221 | Spider:4 | XOM: polymorph hornet -> sky beast
 32221 | Spider:4 | Demolished by an emperor scorpion

Levels and vault maps discovered:
D:1:      dpeg_arrival_circle_labyrinth_c, layout_basic
D:2:      minmay_thinvault, layout_basic, makhleb_grotto_becter, first_ration,
          chequers_ecumenical_altar_simple, nemelex_diamond_rough_becter
D:3:      layout_basic, lemuel_round_altar, uniq_terence
D:4:      layout_loops_corners, minmay_temple_entry_slanted, serial_shops,
          nicolae_shop_competitors_out_of_business, minivault_19
D:5:      wander_river, layout_loops_ring, old_standard_altar, nrook_mini_vaults
D:6:      layout_loops_ring, lemuel_doored_altar, gammafunk_ghost_smash
D:7:      layout_layer_cave, lemuel_crystal_altar,
          nicolae_overflow_hidden_temple, gammafunk_temple_overflow_elements,
          amethyst_overflow_temple_binary, lemuel_coloured_pillars_altar,
          uniq_duvessa
D:8:      layout_basic, lemuel_round_altar, grunt_pizzeria, uniq_maurice
D:9:      layout_loops_ring, slow_altar_1, tso_metal_star
D:10:     layout_cave_pools, ebering_ghost_rock_garden, hex_tiny
D:11:     layout_roguey, erik_lair_dragon, zombieorc2_lemuel, serial_shops,
          shop, hangedman_corner_corridor
D:12:     layout_loops_corners, nicolae_trove_entry_crystal,
          fedhas_bush_and_centaur_altar, uniq_fannar
D:13:     layout_long_grid, david_vaults_4, portal_ice_cave_entry_pillars_1
D:14:     layout_cave_pools, hangedman_abyss_or_decor_lesser_grid, uniq_roxanne
D:15:     gammafunk_depths_entry_grave, layout_long_grid
Temple:   compressed_dpeg_triangle_lava_temple
Lair:1:   layout_regular_city, chequers_serial_rivers_room_b,
          grunt_megastairs_4, uniq_gastronok, uniq_urug
Lair:2:   layout_loops_ring, nicolae_volcano_entry_two_sided,
          chequers_serial_rivers_room_a, serial_bayou_shore_a
Lair:3:   layout_gridlike, minmay_swamp_entry_worms, hibernation_bobbens,
          serial_bayou_shore_b, lemuel_fruit_tree, infiniplex_staircase_pool_2
Lair:4:   layout_regular_city, spider_nest_entry_a, serial_bayou_pond_c,
          chequers_serial_rivers_small_a, minmay_lair_oklob_chamber,
          grunt_megastairs_5, lemuel_fruit_fields, uniq_sonja
Lair:5:   layout_gridlike, basic_altar, kennysheep_rathole
Lair:6:   cheibrodos_lair_end_hotspot, layout_long_grid, slime_altar_1,
          serial_bayou_lagoon_a
Spider:1: layout_spider_delve
Spider:2: layout_spider_delve, uniq_arachne, uniq_agnes
Spider:3: layout_spider_delve, drop_trap
Spider:4: spider_rune_water, guppyfry_spider_mini_3
Orc:1:    layout_caves
Orc:2:    grunt_orc_tribal_feast, layout_caves, uniq_donald, uniq_saint_roka

Skill      XL: |  1  2  3  4  5  6  7  8  9 10 11 12 13 14 15 16 17 |
---------------+----------------------------------------------------+-----
Stealth        | 2 3 4 5 6 |  6.8
Polearms       | 4 5 7 9 11 12 14 16 17 19 20 22 23 | 23.7
Fighting       | 6 8 9 10 12 | 12.2
Shields        | 2 7 9 |  9.5
Dodging        | 6 |  6.7
Armour         | |  2.1

Action                   |  1- 3 |  4- 6 |  7- 9 | 10-12 | 13-15 | 16-18 || total
-------------------------+-------+-------+-------+-------+-------+-------++-------
Melee: Spear             |   114 |   270 |       |       |       |       ||   384
       Trident           |       |    43 |   369 |   566 |       |       ||   978
       Halberd           |       |       |       |   525 |   458 |       ||   983
       Glaive            |       |       |       |       |   673 |       ||   673
       Bardiche          |       |       |       |       |   282 |   752 ||  1034
Throw: Dart              |     1 |     5 |    48 |    11 |     3 |     1 ||    69
       Stone             |     1 |       |     1 |       |       |       ||     2
       Boomerang         |       |     7 |    32 |    67 |    52 |     2 ||   160
       Javelin           |       |     2 |     5 |    11 |       |       ||    18
 Abil: Dig               |    10 |    11 |    13 |    26 |    39 |    25 ||   124
       Shaft Self        |       |       |       |       |       |     2 ||     2
Evoke: Wand              |       |       |    11 |     8 |    10 |     6 ||    35
       Phial of floods   |       |       |       |       |       |     1 ||     1
  Use: Scroll            |     1 |     5 |     6 |    10 |    12 |     3 ||    37
       Potion            |       |     1 |     3 |     5 |     3 |     4 ||    16
 Stab: Paralysed         |     2 |     4 |     1 |     3 |     1 |       ||    11
       Sleeping          |     3 |     8 |     3 |    10 |    12 |     8 ||    44
       Petrified         |     2 |       |       |     9 |       |       ||    11
       Petrifying        |     1 |       |       |     1 |       |       ||     2
       Confused          |       |     1 |     1 |     6 |     9 |       ||    17
       Distracted        |       |     2 |     1 |       |     2 |     4 ||     9
       Invisible         |       |       |       |     6 |       |       ||     6
  Eat: Chunk             |    14 |    20 |     6 |    20 |    28 |    14 ||   102
       Ration            |       |       |     2 |     5 |     3 |     2 ||    12
Armor: Leather armour    |    14 |    75 |   113 |   162 |    21 |       ||   385
       Skin              |       |       |       |    10 |     4 |       ||    14
       Chain mail        |       |       |       |    63 |   131 |    70 ||   264
       Ring mail         |       |       |       |    24 |       |       ||    24
       Scale mail        |       |       |       |       |   165 |   201 ||   366
Dodge: Dodged            |    40 |   109 |   192 |   259 |   306 |   387 ||  1293
Block: Buckler           |       |       |       |    79 |       |       ||    79
       Shield            |       |       |       |    12 |   475 |   426 ||   913
